 Dungeon Crawl Stone Soup version 0.31-a0-542-gdc2a67831c (webtiles) character file.

Game seed: 17833682015646505762

46 heikuro the Shield-Bearer (level 3, -1/30 HPs)
             Began as a Formicid Fighter on Aug 15, 2023.
             Succumbed to a kobold's poison
             ... on level 2 of the Dungeon.
             The game lasted 00:02:03 (1218 turns).

heikuro the Shield-Bearer (Formicid Fighter)        Turns: 1218, Time: 00:02:03

Health: -1/30      AC:  6    Str: 22    XL:     3   Next: 92%
Magic:  3/3        EV:  9    Int:  7    God:
Gold:   68         SH:  5    Dex: 13    Spells: 2/2 levels left

rFire   . . .        a - +0 war axe
rCold   . . .        c - +0 buckler
rNeg    . . .        b - +0 scale mail
rPois   .            (helmet unavailable)
rElec   .            (no cloak)
rCorr   .            (no gloves)
SInv    +            (no boots)
Will    .....        (no amulet) Stlth
                     (no ring)
HPRegen 0.25/turn    (no ring)
MPRegen 0.08/turn

%: no passive effects
@: lethally poisoned (-1 -> -9)
A: permanent stasis, dig shafts and tunnels, antennae 3, four strong arms
a: Dig, Shaft Self


You were on level 2 of the Dungeon.
You visited 1 branch of the dungeon, and saw 2 of its levels.

You collected 68 gold pieces.

Inventory:

Hand Weapons
 a - a +0 war axe (weapon)
 f - a +0 spear of flaming
Armour
 b - a +0 scale mail (worn)
 c - a +0 buckler (worn)
Scrolls
 g - a scroll of fear {unknown}
 h - a scroll of blinking {unknown}
 i - a scroll of torment {unknown}
 j - a scroll of teleportation {unknown}
 l - a scroll of immolation {unknown}
 m - a scroll of enchant weapon {unknown}
 n - a scroll of identify {unknown}
Potions
 d - a potion of might
 e - a potion of brilliance {unknown}
 k - a potion of heal wounds {unknown}
 o - a potion of curing {unknown}


   Skills:
 + Level 3.7 Fighting
 * Level 2.8 Axes
 + Level 3.6 Armour
 + Level 4.4 Shields


You had 2 spell levels left.
You didn't know any spells.
Your spell library contained the following spells:

 Spells                   Type           Power      Damage    Failure   Level
 Apportation              Tloc           0%         N/A       82%         1
 Necrotise                Necr           0%         1d4       82%         1
 Summon Small Mammal      Summ           0%         N/A       82%         1


Dungeon Overview and Level Annotations

Branches:
Dungeon (2/15)

Altars:
Makhleb


Innate Abilities, Weirdness & Mutations

You cannot be hasted, slowed, berserked, paralysed or teleported.
You can dig through walls and to a lower floor.
You have a pair of large antennae on your head. (SInv)
Your four strong arms can wield two-handed weapons with a shield.


Message History

The stone hits you but does no damage.
There is an open gate here.
You closely miss the kobold. The kobold closely misses you.
You block the kobold's attack.
You slash the kobold!
You kill the kobold!
You closely miss the kobold. The kobold hits you but does no damage.
You barely miss the kobold. You hit the kobold but do no damage.
The kobold barely misses you.
The kobold hits you with a +0 short sword.
The kobold hits you but does no damage. The kobold closely misses you.
You closely miss the kobold. You completely miss the kobold.
You slash the kobold!
You kill the kobold!
The kobold hits you with a +0 short sword.
The kobold barely misses you.
You closely miss the kobold. You barely miss the kobold. x2
You block the kobold's attack.
The kobold hits you with a +0 whip of electrocution.
You are electrocuted!
Ouch! That really hurt!
* * * LOW HITPOINT WARNING * * *
You block the kobold's attack.
You are too injured to fight recklessly!
Unknown command.
You are too injured to fight recklessly!
Unknown command.
You are too injured to fight recklessly!
You closely miss the kobold. You miss the kobold. You hit the kobold.
You block the kobold's attack.
The kobold hits you with a +0 short sword.
* * * LOW HITPOINT WARNING * * *
You block the kobold's attack. The kobold barely misses you.
The kobold hits you but does no damage. x2
You are lethally poisoned!
Unknown command.
You barely miss the kobold. You hit the kobold.
You kill the kobold!
You barely miss the kobold.
You die...

#........
################....#
+............# #.....
###.########.# ####.#
#.## #.# #.# #..# #.#
#.# ###.### #.# #.#
#.....# #.# #.#
##'@)## #.# #.# #KK)#
#.######<# #....!#
#.#......# #.......#
#......... #...$...#
#...###### #.......#
#...#..... #..)....#
##...#..... #....####
#....#.....
#.#..#.....


You could see 2 kobolds.

Vanquished Creatures
  An adder (D:2)
  2 dart slugs
  2 endoplasms
  A giant cockroach (D:2)
  2 goblins (D:1)
  3 hobgoblins (D:1)
  3 jackals (D:1)
  3 quokkas
  3 ball pythons
  3 bats (D:1)
  2 frilled lizards (D:1)
  4 kobolds (D:2)
  3 rats
32 creatures vanquished.

Notes
Turn   | Place    | Note
-------+----------+-------------------------------------------
     0 | D:1      | heikuro the Formicid Fighter began the quest for the Orb.
     0 | D:1      | Reached XP level 1. HP: 18/18 MP: 1/1
   143 | D:1      | Reached XP level 2. HP: 24/24 MP: 2/2
   352 | D:1      | Found a faded altar of an unknown god.
   401 | D:1      | Reached XP level 3. HP: 27/29 MP: 3/3
  1034 | D:2      | Found a burning altar of Makhleb.
  1218 | D:2      | Succumbed to a kobold's poison

Illustrated notes

Levels and vault maps discovered:
D:1:      minmay_arrival_widening_spiral_wide, layout_basic,
          ebering_ecumenical_altar_sacrificial, serial_corexii_hall,
          corexii_hall_statues_i, chequers_hall_statues_y,
          corexii_hall_statues_i, corexii_hall_statues_i
D:2:      cheibrodos_fertilizer, layout_basic, basic_altar

Action                     || total
---------------------------++-------
  Melee: War axe           ||   105
 Armour: Scale mail        ||    58
  Dodge: Dodged            ||    55
  Block: Buckler           ||    29

Table legend: (Time is in decaauts)
 A = Elapsed time spent in this place.
 B = Non-inter-level travel time spent in this place.
 C = Inter-level travel time spent in this place.
 D = Time resting spent in this place.
 E = Time spent auto-exploring this place.
 F = Levels seen in this place.
 G = Mean time per level.
                   A        B        C        D        E       F      G
               +--------+--------+--------+--------+--------+-----+--------+
         Total |   1259 |   1201 |     58 |      0 |    866 |   2 |  629.5 |
       Dungeon |   1259 |   1201 |     58 |      0 |    866 |   2 |  629.5 |
               +--------+--------+--------+--------+--------+-----+--------+

Top non-repeatable levels by time:
     D:1: 827 daAuts
     D:2: 431 daAuts
